[Event "*** Titled Tuesday Blitz"]
[Site "Chess.com"]
[Date "2019.01.01"]
[Round "9"]
[White "viktorko131"]
[Black "Diwi89"]
[Result "0-1"]
[WhiteElo "2092"]
[BlackElo "2740"]
[TimeControl "180+2"]
[EndTime "15:07:47 PST"]
[Termination "Diwi89 won on time"]

1. e4 c5 2. Nf3 Nc6 3. d4 cxd4 4. Nxd4 Nf6 5. Nc3 e5 6. Ndb5 d6 7. Bg5 a6 8. Na3 b5 9. Nd5 Be7 10. Bxf6 Bxf6 11. c3 O-O 12. Nc2 Bg5 13. Nce3 Rb8 14. h4 Bxe3 15. Nxe3 Be6 16. Be2 b4 17. g3 bxc3 18.
bxc3 Qa5 19. O-O Rfd8 20. Bg4 Qc5 21. Bxe6 fxe6 22. Qg4 Re8 23. h5 Rb7 24. Rab1 Rf7 25. Kg2 a5 26. h6 g6 27. Qe2 Ref8 28. Qc4 Qxc4 29. Nxc4 d5 30. Rb6 Rc7 31. Nd6 Rd8 32.
Nb5 Rcc8 33. Rd1 d4 34. f4 d3 35. Kf3 exf4 36. gxf4 e5 37. f5 a4 38. Rg1 Kf7 0-1

[Event "*** Titled Tuesday Blitz"]
[Site "Chess.com"]
[Date "2019.01.01"]
[Round "9"]
[White "farzadbfd"]
[Black "aquaticpineapples"]
[Result "1-0"]
[WhiteElo "2485"]
[BlackElo "2094"]
[TimeControl "180+2"]
[EndTime "15:07:47 PST"]
[Termination "farzadbfd won by checkmate"]

1. e4 d5 2. exd5 Qxd5 3. Nc3 Qa5 4. d4 Nf6 5. Nf3 Nc6 6. Bd2 a6 7. Bc4 Qh5 8. Bf4 Bg4 9. Bxc7 Bxf3 10. gxf3 Rc8 11. Bg3 Rd8 12. d5 Nb4 13. O-O Nbxd5 14. Nxd5 Nxd5 15. Qe2 e6 16. Rad1 Be7 17. Bxd5 Rxd5 18.
c4 Rg5 19. Qe4 O-O 20. Qxb7 Bf6 21. b3 Be5 22. Rfe1 Bf4 23. Kg2 e5 24. Qe7 Qg6 25. Rd8 Rxg3+ 26. hxg3 h5 27. Qxf8+ Kh7 28. Qh8# 1-0

[Event "*** Titled Tuesday Blitz"]
[Site "Chess.com"]
[Date "2019.01.01"]
[Round "9"]
[White "aRk_iN"]
[Black "sunloong"]
[Result "0-1"]
[WhiteElo "2046"]
[BlackElo "1951"]
[TimeControl "180+2"]
[EndTime "15:07:47 PST"]
[Termination "sunloong won by resignation"]

1. e4 Nf6 2. e5 Nd5 3. d4 d6 4. Nf3 g6 5. Be2 Bg7 6. O-O O-O 7. c4 Nb6 8. h3 Nc6 9. exd6 cxd6 10. b3 e5 11. dxe5 Nxe5 12. Nd4 Nc6 13. Bb2 Qf6 14. Nxc6 Qxb2 15. Ne7+ Kh8 16. Nd2 Qxa1 17. Qxa1 Bxa1 18.
Rxa1 Be6 19. Bf3 Rfe8 20. Nd5 Bxd5 21. cxd5 Re5 22. Rc1 Rc8 23. Rxc8+ Nxc8 24. Kf1 b5 25. b4 f5 26. Nb3 Nb6 27. Nd4 Nxd5 28. Nc6 Nc3 29.
Nxe5 dxe5 30. Bc6 Nxa2 31. Bxb5 Nxb4 32. Ke2 Kg7 33. Kd2 Kf6 34. Kc3 Nd5+ 35. Kc4 Nf4 0-1

[Event "*** Titled Tuesday Blitz"]
[Site "Chess.com"]
[Date "2019.01.01"]
[Round "9"]
[White "guillembaches"]
[Black "Triumphmate"]
[Result "1-0"]
[WhiteElo "2360"]
[BlackElo "2211"]
[TimeControl "180+2"]
[EndTime "15:07:54 PST"]
[Termination "guillembaches won by checkmate"]

1. e4 e5 2. Nf3 Nc6 3. Nc3 Nf6 4.
d4 exd4 5. Nxd4 Bb4 6. Nxc6 bxc6 7. Bd3 O-O 8. O-O d6 9. Bg5 h6 10. Bh4 Re8 11. Re1 a5 12. h3 a4 13. a3 Bxc3 14. bxc3 Ra5 15. Qf3 Rc5 16. Rad1 Re6 17. c4 Qe8 18.
Bg3 Ba6 19. e5 dxe5 20. Bf5 Rd6 21. Qc3 Qd8 22. Bd3 Nd7 23. Qb4 f6 24. Qxa4 Bc8 25. Qb4 Qe7 26. Bf5 Rxd1 27. Rxd1 Nb6 28. Bxc8 Nxc8 29.
Qb8 Qe6 30. Rd8+ Kh7 31. Qxc8 Qxc4 32. Qf5+ g6 33. Qd7+ Qf7 34. Qxf7# 1-0

[Event "*** Titled Tuesday Blitz"]
[Site "Chess.com"]
[Date "2019.01.01"]
[Round "9"]
[White "albi1999"]
[Black "LucaBrasi1968"]
[Result "0-1"]
[WhiteElo "2446"]
[BlackElo "2412"]
[TimeControl "180+2"]
[EndTime "15:07:59 PST"]
[Termination "LucaBrasi1968 won by resignation"]

1. d4 f5 2. Nf3 Nf6 3. g3 e6 4. Bg2 Be7 5. O-O O-O 6. c4 d6 7. Nc3 Qe8 8. Qc2 Nc6 9. e4 fxe4 10. Nxe4 Qh5 11. Nxf6+ Bxf6 12. Be3 Bd7 13. Rfe1 Rae8 14. Qe2 Bd8 15. Nd2 Qxe2 16. Rxe2 Bf6 17. Nf3 Nd8 18. Rd1 Bc6 19. b3 a5 20. a4 b6 21. Nd2 Bxg2 22.
Kxg2 Nc6 23. Ne4 Nb4 24. Bd2 Nc6 25. Bc3 Bd8 26. f4 h6 27. h4 Kh7 28. Rde1 Kg6 29. Nd2 Kf7 30. Nf3 Bf6 31. g4 g6 32. Kg3 Bg7 33. g5 h5 34. Ba1 Ne7 35. Bc3 Nf5+ 36.
Kh3 Re7 37. Re4 Rfe8 38. Kg2 Kf8 39. R4e2 Kf7 40. Re4 Kf8 41. Kf2 Kf7 42. Ke2 d5 43. cxd5 exd5 44. Rxe7+ Rxe7+ 45. Kf2 Rxe1 46. Kxe1 Ke6 47.
Ke2 Nd6 48. Ke3 Kf5 49. b4 axb4 50. Bxb4 Nc4+ 51. Kd3 Kxf4 52. Nd2 Nxd2 53. Bxd2+ Kf5 54.
Be1 Bf8 55. Bg3 Bd6 56. Be1 Kg4 57. Kc3 Bg3 0-1

[Event "*** Titled Tuesday Blitz"]
[Site "Chess.com"]
[Date "2019.01.01"]
[Round "9"]
[White "Indianlad"]
[Black "2nd_life"]
[Result "1-0"]
[WhiteElo "2862"]
[BlackElo "2449"]
[TimeControl "180+2"]
[EndTime "15:08:00 PST"]
[Termination "Indianlad won by resignation"]

1. d4 Nf6 2. c4 e6 3. Nf3 b6 4. a3 Ba6 5. Qb3 Bb7 6. Nc3 Ne4 7.
g3 Nxc3 8. Qxc3 Be7 9. Bg2 O-O 10. O-O d6 11. Qc2 Nd7 12. Ng5 Bxg5 13. Bxb7 Rb8 14. Bc6 Bxc1 15. Raxc1 Nf6 16. Rfd1 Qe7 17. b4 e5 18. dxe5 dxe5 19. Qa4 a5 20. bxa5 bxa5 21. Qxa5 Rb2 22. Re1 e4 23. Rcd1 e3 24. f4 Rd2 25. Bf3 Rfd8 26. Rb1 h5 27. Qe5 Qxa3 28.
Qxc7 h4 29. Rb8 Rxb8 30. Qxb8+ Kh7 31. Qb5 hxg3 32. Qf5+ Kg8 33. hxg3 Qb2 34. Rb1 1-0

[Event "*** Titled Tuesday Blitz"]
[Site "Chess.com"]
[Date "2019.01.01"]
[Round "9"]
[White "SimonKnightRivendell"]
[Black "WorldChampionBulletChess"]
[Result "0-1"]
[WhiteElo "1983"]
[BlackElo "2129"]
[TimeControl "180+2"]
[EndTime "15:08:00 PST"]
[Termination "WorldChampionBulletChess won by resignation"]

1. d4 Nf6 2. c4 e6 3. Nf3 b6 4. g3 Bb7 5. Bg2 Be7 6. O-O O-O 7. Nc3 d6 8. Bg5 Nbd7 9. Rc1 h6 10. Bf4 Re8 11.
Re1 Bf8 12. e4 e5 13. dxe5 dxe5 14. Bd2 Nc5 15. Nd5 Nd3 16. Bxh6 Nxe1 17. Nxe1 gxh6 18.
Qf3 Nxd5 19. cxd5 Qd6 20. Bh3 Bg7 21. Bf5 c6 22. dxc6 Bxc6 23. Ng2 Bb5 24. Ne3 Red8 25. Qg4 Bd7 26. Rd1 Bxf5 27. Qxg7+ Kxg7 28. Nxf5+ Kf6 29. Rxd6+ Rxd6 30. Nxd6 Rd8 31. Nc4 Rd1+ 32. Kg2 Rc1 33. Ne3 Rb1 34. b4 Ke6 35. Nd5 Ra1 36. Nc3 Rc1 37. Nb5 a6 38. Na3 Rc3 39. Nb1 Rc2 40. a4 Rb2 41. Nc3 Rxb4 42. Nd5 Rxa4 43. Nxb6 Ra1 44. f4 a5 45. f5+ Kf6 46. Nd5+ Kg7 47. Kf3 a4 48. Kg4 a3 49. Kh5 Rc1 50. g4 a2 51. h4 a1=Q 52. g5 hxg5 53. f6+ Kf8 54. Kh6 gxh4 0-1

[Event "*** Titled Tuesday Blitz"]
[Site "Chess.com"]
[Date "2019.01.01"]
[Round "9"]
[White "PrinceCharming92"]
[Black "Quiet_Desperation"]
[Result "0-1"]
[WhiteElo "2431"]
[BlackElo "2387"]
[TimeControl "180+2"]
[EndTime "15:08:04 PST"]
[Termination "Quiet_Desperation won by resignation"]

1. e4 Nc6 2. Nf3 d6 3. Bc4 Nf6 4. d3 e5 5. O-O Be7 6. c3 O-O 7. Nbd2 Bg4 8. Re1 Re8 9. Nf1 d5 10. exd5 Nxd5 11. h3 Bh5 12. Ng3 Bg6 13. Nxe5 Nxe5 14. Rxe5 Nb6 15. Qe2 Nxc4 16. dxc4 Bd3 17. Qg4 Bd6 18. Rxe8+ Qxe8 19. Be3 Bg6 20. Nf5 Bf8 21.
Rd1 Rd8 22. Rd4 c5 23. Rd5 b6 24. Ng3 Be7 25. Qd1 Bf6 26. Rxd8 Bxd8 27. b3 Bf6 28.
Qd2 h5 29. Ne2 Qe4 30. Nf4 Be5 31. Nxg6 fxg6 32. g3 Kh7 33. h4 Qb1+ 34. Kg2 Qe4+ 35. Kh2 Qf3 36. b4 Qg4 37. bxc5 bxc5 38. Kg1 Qxc4 39. a3 Bxc3 40. Qd6 Bd4 41. Bg5 Qd3 42. a4 Bxf2+ 0-1

[Event "*** Titled Tuesday Blitz"]
[Site "Chess.com"]
[Date "2019.01.01"]
[Round "9"]
[White "BillForster"]
[Black "wild_cat99"]
[Result "0-1"]
[WhiteElo "1711"]
[BlackElo "2179"]
[TimeControl "180+2"]
[EndTime "15:08:08 PST"]
[Termination "wild_cat99 won by checkmate"]

1. d4 Nf6 2. c4 g6 3. Nc3 d5 4. cxd5 Nxd5 5. e4 Nxc3 6. bxc3 Bg7 7. Nf3 O-O 8. Rb1 c5 9. Be2 b6 10. O-O Bg4 11. Be3 Nc6 12. d5 Na5 13. Qc2 Re8 14. Rfd1 Qc7 15. h3 Bd7 16. Rd2 b5 17. Rbd1 Nb7 18.
g3 e6 19. Bf4 e5 20. Be3 Nd6 21. Kh2 f5 22. Ng5 fxe4 23. Ne6 Bxe6 24. dxe6 Rxe6 25. Bg4 Nf5 26. Qxe4 Rf8 27. Rd7 Qc6 28. Qxc6 Rxc6 29. Rxa7 Nxe3 30. fxe3 h5 31. Rdd7 Bh6 32. Bd1 Rcf6 33.
Bc2 Rf2+ 34. Kg1 Rf1+ 35. Kg2 R8f2# 0-1

[Event "*** Titled Tuesday Blitz"]
[Site "Chess.com"]
[Date "2019.01.01"]
[Round "9"]
[White "ChessGamingPro"]
[Black "novocane"]
[Result "1-0"]
[WhiteElo "1711"]
[BlackElo "2108"]
[TimeControl "180+2"]
[EndTime "15:08:19 PST"]
[Termination "ChessGamingPro won on time"]

1. e4 c5 2. Nf3 Nc6 3. d4 cxd4 4. Nxd4 e5 5. Nb5 d6 6. N1c3 a6 7. Na3 Be7 8. Nd5 Nf6 9. Be3 Nxd5 10. exd5 Nd4 11.
Bxd4 exd4 12. Qxd4 O-O 13. Qd2 Re8 14. Be2 Bg5 15. Qd3 Qe7 16. Nc4 Bf5 17. Qf3 Bxc2 18. Ne3 Be4 19. Qg3 Qf6 20. O-O Bf4 21. Qg4 Bh6 22.
Rfe1 Qxb2 23. Qg3 Qf6 24. Nc4 Bf4 25. Qb3 Bxd5 26. Qb6 1-0

[Event "*** Titled Tuesday Blitz"]
[Site "Chess.com"]
[Date "2019.01.01"]
[Round "9"]
[White "olksuna"]
[Black "shnitez"]
[Result "0-1"]
[WhiteElo "2473"]
[BlackElo "2562"]
[TimeControl "180+2"]
[EndTime "15:08:24 PST"]
[Termination "shnitez won by checkmate"]

1. c4 e5 2. g3 Nc6 3. Bg2 Bc5 4. Nc3 a6 5. e3 Ba7 6. Nge2 d6 7. O-O h5 8. d4 h4 9. d5 Nce7 10. e4 Ng6 11. Be3 Bxe3 12. fxe3 Bg4 13. Qa4+ Bd7 14. Qc2 Qg5 15. Qd3 Nf6 16. b4 hxg3 17. hxg3 Ng4 18. Nd1 Rh2 19. Rf5 Qh6 20. Kf1 Rxg2 21. Kxg2 Qh2+ 22. Kf3 Bxf5 23. exf5 e4+ 24. Kxe4 Qg2+ 25.
Kd4 N6e5 26. Qc2 Rc8 27. Rc1 c5+ 28. bxc5 Rxc5 29. Nf4 Qxg3 30. Qb3 Nh6 31. Qxb7 Nxf5+ 32. Ke4 g6 33. Qa8+ Ke7 34. Rb1 Qf3# 0-1

[Event "*** Titled Tuesday Blitz"]
[Site "Chess.com"]
[Date "2019.01.01"]
[Round "9"]
[White "nurgyulsalimova"]
[Black "c63_amg"]
[Result "0-1"]
[WhiteElo "2472"]
[BlackElo "2670"]
[TimeControl "180+2"]
[EndTime "15:08:25 PST"]
[Termination "c63_amg won by checkmate"]

1. b3 e5 2. Bb2 Nc6 3. g3 d5 4. Bg2 Nf6 5. c4 Be6 6. d3 h5 7. h4 Bc5 8. Nh3 Qd7 9. Ng5 Ng4 10. O-O Ne7 11. Nc3 c6 12. Na4 Bd6 13. d4 e4 14. Nc5 Qc8 15. Ba3 Bf5 16. cxd5 Nxd5 17. Ngxe4 Bxe4 18. Bxe4 b6 19. Bxd5 cxd5 20. e4 dxe4 21.
Nxe4 Bxa3 22. b4 O-O 23. Qb3 Qe6 24. Qf3 Bxb4 25. Ng5 Qg6 26. Qb3 Be7 27. Nf3 Rad8 28.
Rfe1 Bf6 29. Rad1 Rfe8 30. Rxe8+ Rxe8 31. Qb5 Rd8 32. d5 Qe4 33. Rd3 Rc8 34. d6 Rc1+ 35. Kg2 Qe2 36. Kh3 Qf1# 0-1

[Event "*** Titled Tuesday Blitz"]
[Site "Chess.com"]
[Date "2019.01.01"]
[Round "9"]
[White "GMWSO"]
[Black "rasmussvane"]
[Result "1/2-1/2"]
[WhiteElo "2967"]
[BlackElo "2737"]
[TimeControl "180+2"]
[EndTime "15:08:30 PST"]
[Termination "Game drawn by repetition"]

1. e4 e6 2. d4 d5 3. Nc3 Nf6 4. e5 Nfd7 5. f4 c5 6. Nf3 Nc6 7. Be3 a6 8. Ne2 Qb6 9. Qc1 f6 10. c3 Be7 11. exf6 Nxf6 12. dxc5 Bxc5 13. Bxc5 Qxc5 14.
Ned4 O-O 15. Be2 Bd7 16. O-O Rae8 17. Qe3 Ng4 18. Qd2 e5 19. fxe5 Ngxe5 20. Nxe5 Nxe5 21.
Rxf8+ Rxf8 22. Re1 Nc6 23. Bf3 Nxd4 24. Qxd4 Qxd4+ 25. cxd4 Bc6 26. Re5 Rd8 27. Re7 Kf8 28.
Rc7 Re8 29. Kf2 Re7 30. Rc8+ Re8 31. Rxe8+ Kxe8 32. Ke3 Ke7 33. Kf4 Kf6 34. h4 h6 35.
b4 g5+ 36. hxg5+ hxg5+ 37. Kg4 Kg6 38. Be2 Bd7+ 39. Kf3 Kf6 40. a3 Kf5 41. Bd3+ Kf6 42. Ke3 Be8 43. Kd2 Bb5 44. Bc2 b6 45. g3 a5 46.
bxa5 bxa5 47. Bb3 Ke6 48. Ke3 Be8 49. Bd1 Kd6 50. Bg4 Bg6 51. Be2 Bf7 52. Bb5 Bg6 53.
Kd2 Bh5 54. Kc2 Bf3 55. Be8 Bg4 56. Bg6 Bf3 57. Kc3 Bg4 58. Bc2 Kc6 59. Ba4+ Kd6 60. Kd3 Bh5 61. Ke3 Bg4 62. Kd3 Bh5 63. Ke3 Bg4 64.
Kd3 Bh5 65. Ke3 Bg4 1/2-1/2

[Event "*** Titled Tuesday Blitz"]
[Site "Chess.com"]
[Date "2019.01.01"]
[Round "9"]
[White "MFguimaraes"]
[Black "andrzej"]
[Result "1/2-1/2"]
[WhiteElo "2310"]
[BlackElo "2276"]
[TimeControl "180+2"]
[EndTime "15:08:30 PST"]
[Termination "Game drawn by agreement"]

1. e4 c6 2. d4 d5 3. Nd2 dxe4 4. Nxe4 Nd7 5. Bd3 Ngf6 6. Nf3 Nxe4 7. Bxe4 Nf6 8. Bd3 Bg4 9. c3 Qd5 10. Be3 e6 11.
Be2 Rd8 12. Qb3 Bxf3 13. Bxf3 Qxb3 14. axb3 a6 15. b4 Bd6 16. O-O Nd5 17. Bg5 f6 18. Bh4 Kf7 19. Bg3 Bxg3 20. hxg3 h5 21. Rfe1 h4 22.
gxh4 Rxh4 23. g3 Rhh8 24. Kg2 g5 25. Re2 Nb6 26. Rae1 Rde8 27. Be4 Nc4 28. Bb1 Nb6 29. Ba2 Nd5 30. Bc4 g4 31. Re4 f5 32. Re5 Rh6 33.
Rh1 Rxh1 34. Kxh1 Ra8 35. Kg2 a5 36. b5 a4 37. bxc6 bxc6 38. f3 gxf3+ 39. Kxf3 a3 40. Bxd5 cxd5 41. bxa3 Rxa3 42. Re3 Kf6 43. Kf4 Rb3 44.
g4 fxg4 45. Kxg4 Ra3 46. Rf3+ Kg6 47. Kf4 Kf6 48. Rh3 Ra1 49. Rh6+ Ke7 50. Ke3 1/2-1/2

[Event "*** Titled Tuesday Blitz"]
[Site "Chess.com"]
[Date "2019.01.01"]
[Round "9"]
[White "StoreySniper"]
[Black "Kawhi_Leonard2"]
[Result "1-0"]
[WhiteElo "2343"]
[BlackElo "2263"]
[TimeControl "180+2"]
[EndTime "15:08:34 PST"]
[Termination "StoreySniper won by resignation"]

1. e4 c5 2. Nf3 d6 3. d4 cxd4 4. Nxd4 Nf6 5. f3 e5 6. Nb3 d5 7. Bg5 d4 8. c3 Nc6 9. Bb5 Bd7 10.
Bxc6 Bxc6 11. cxd4 exd4 12. Qxd4 Qxd4 13. Nxd4 Bb4+ 14.
Bd2 Bc5 15. Nxc6 bxc6 16. Nc3 Rb8 17. O-O-O O-O 18. Bf4 Rb7 19. Kc2 h6 20. Bd6 Bxd6 21.
Rxd6 Rc8 22. Rhd1 Nh5 23. g3 g6 24. Rd8+ Rxd8 25. Rxd8+ Kg7 26. e5 g5 27. Ne4 Re7 28. Rd6 Rxe5 29. Rxc6 f5 30. Nd2 Re2 31. Rc7+ Kg6 32.
Rc6+ Kg7 33. g4 fxg4 34. fxg4 Nf6 35. h3 Ne4 36. Rc7+ Kf6 37. Rd7 Ke6 38. Rd8 Ke7 39. Rd4 Nxd2 40. Rxd2 Re3 41. Rd3 Re2+ 42. Kc3 Rh2 43.
a3 a5 44. b4 a4 45. Kc4 1-0

[Event "*** Titled Tuesday Blitz"]
[Site "Chess.com"]
[Date "2019.01.01"]
[Round "9"]
[White "jacky72"]
[Black "MehdiHosseinipour"]
[Result "0-1"]
[WhiteElo "2590"]
[BlackElo "2573"]
[TimeControl "180+2"]
[EndTime "15:08:40 PST"]
[Termination "MehdiHosseinipour won by resignation"]

1. d4 Nf6 2. c4 e6 3. Nf3 b6 4. g3 Bb4+ 5. Bd2 Be7 6. Bg2 c6 7. O-O d5 8. Nc3 O-O 9. cxd5 cxd5 10. Rc1 Bb7 11. Qa4 a6 12. Ne5 Nfd7 13. Nd3 Nc6 14. e3 Rc8 15. Qd1 Nf6 16. a3 Bd6 17. f4 Na5 18.
Ne5 Nc4 19. Nxc4 Rxc4 20. g4 Rc7 21. g5 Ne4 22. Nxe4 dxe4 23. Rxc7 Qxc7 24. Qb1 Qc6 25. Rc1 Qd5 26. Qc2 f6 27. gxf6 gxf6 28. Kh1 Kh8 29. Rg1 Rc8 30. Qd1 Rg8 31. Bh3 Rxg1+ 32. Kxg1 Qc4 33. Bc3 Bd5 34. Qh5 Kg7 35. Qe8 Qe2 36. Qd7+ Kh6 37. Qxd6 Qxe3+ 38. Kg2 Qf3+ 39. Kg1 Qe3+ 40. Kg2 Qf3+ 41. Kg1 Qxh3 42. Qf8+ Kg6 43. Qg8+ Kf5 44. Qg3 Qg4 45. Kf2 Qxf4+ 46. Qxf4+ Kxf4 47.
Bd2+ Kf5 48. Ke3 Kg4 49. Be1 h5 50. Bg3 Kh3 51. Bc7 b5 52. b4 Kg2 53. Bg3 Kh3 54.
Bb8 h4 55. Bd6 Kg2 56. Be7 Kxh2 57. Bxf6 Kg3 58. Be5+ Kg2 59. Bf6 h3 60. Be5 h2 61.
Bxh2 Kxh2 0-1

[Event "*** Titled Tuesday Blitz"]
[Site "Chess.com"]
[Date "2019.01.01"]
[Round "9"]
[White "Grandelicious"]
[Black "DanielNaroditsky"]
[Result "0-1"]
[WhiteElo "2710"]
[BlackElo "2921"]
[TimeControl "180+2"]
[EndTime "15:08:42 PST"]
[Termination "DanielNaroditsky won by resignation"]

1. e4 g6 2. d4 Bg7 3. c4 d6 4.
Nc3 Nf6 5. h3 O-O 6. Be3 e5 7.
d5 a5 8. g4 Na6 9. Nge2 Nc5 10. Ng3 c6 11. f3 a4 12. Qd2 Qa5 13. h4 cxd5 14. cxd5 Bd7 15. h5 a3 16. b3 Rfc8 17.
Nd1 Qxd2+ 18. Bxd2 Ne8 19. Ne3 b5 20. g5 Bf8 21.
hxg6 fxg6 22. Ng4 Be7 23. Be2 Na6 24. Bd3 Bd8 25. Nh6+ Kg7 26. Nhf5+ gxf5 27. exf5 Nc5 28. f6+ Bxf6 29. gxf6+ Nxf6 30. Bf5 Kf7 31. Bxd7 Ncxd7 32. Nf5 Ra6 33. Ke2 Nf8 34. Rag1 Ng6 35. Bg5 Rc2+ 36. Kd3 Rxa2 37. Bxf6 Kxf6 38. Ne3 Ra7 39. Rh5 Nf4+ 0-1

[Event "*** Titled Tuesday Blitz"]
[Site "Chess.com"]
[Date "2019.01.01"]
[Round "9"]
[White "Martins-BR"]
[Black "WPWPWP-2015"]
[Result "0-1"]
[WhiteElo "2211"]
[BlackElo "2318"]
[TimeControl "180+2"]
[EndTime "15:08:43 PST"]
[Termination "WPWPWP-2015 won by resignation"]

1. e4 c5 2. Nf3 d6 3. d4 cxd4 4. Nxd4 Nf6 5. Nc3 a6 6. Bg5 e6 7. f4 h6 8. Bh4 Qb6 9. a3 Nc6 10. Bf2 Qc7 11. Qf3 e5 12. Nf5 Bxf5 13. exf5 e4 14. Nxe4 Qe7 15. Bd3 d5 16. Qe2 Nxe4 17. O-O-O Nxf2 18. Qxf2 O-O-O 19. Rhe1 Qc5 20. Qg3 Kb8 21.
Kb1 Qb6 22. f6 gxf6 23. f5+ Bd6 24. Qg7 Be5 25. b3 Qd4 26. Rxe5 Qxe5 27. Qxf7 Rhf8 28. Qh5 Rg8 29. g3 Qe3 30. Rf1 Ne5 31. Rd1 Nxd3 32.
Rxd3 Qe1+ 33. Kb2 Qe5+ 34. Kb1 Rg5 35. Qxh6 Rxf5 36. Qc1 d4 37. Qd1 Rf2 38. Kb2 Rc8 0-1

[Event "*** Titled Tuesday Blitz"]
[Site "Chess.com"]
[Date "2019.01.01"]
[Round "9"]
[White "essequamvideris"]
[Black "mouseWLZ"]
[Result "1-0"]
[WhiteElo "2443"]
[BlackElo "2397"]
[TimeControl "180+2"]
[EndTime "15:08:45 PST"]
[Termination "essequamvideris won by resignation"]

1. Nf3 e6 2. g3 Nf6 3. Bg2 d5 4.
O-O c5 5. c4 d4 6. b4 cxb4 7.
d3 Nc6 8. a3 h6 9. axb4 Bxb4 10.
Qa4 O-O 11. Ne5 Nxe5 12. Qxb4 Nc6 13. Bxc6 bxc6 14. Qc5 Bb7 15. Rxa7 Rxa7 16. Qxa7 Qd7 17. Nd2 e5 18. Ba3 Ra8 19. Qc5 Qg4 20. Re1 Nd7 21.
Qd6 c5 22. Bxc5 Ra2 23. f3 Qg5 24. Qxd7 Qxd2 25. Kf1 Ba8 26. Qe8+ Kh7 27. Qxe5 Qg5 28. Qxg5 hxg5 29. Bxd4 f5 30. Rb1 g4 31. fxg4 fxg4 32.
Rb8 Kg6 33. Rg8 Kf5 34. Rxg7 Bh1 35. Kf2 Bf3 36. Re7 Rc2 37. c5 Kg6 38. Re6+ Kf7 39.
Re5 Kg6 40. Kf1 Rc1+ 41. Kf2 Rc2 42. h4 gxh3 43. Kxf3 h2 44. Re6+ Kh7 45. Kg2 1-0

[Event "*** Titled Tuesday Blitz"]
[Site "Chess.com"]
[Date "2019.01.01"]
[Round "9"]
[White "j2806"]
[Black "TheBigBadChessDad"]
[Result "0-1"]
[WhiteElo "1723"]
[BlackElo "2257"]
[TimeControl "180+2"]
[EndTime "15:08:46 PST"]
[Termination "TheBigBadChessDad won on time"]

1. e4 e5 2. Nf3 Nc6 3. Bb5 a6 4. Ba4 d6 5. c3 Bd7 6. O-O Nge7 7. d4 Ng6 8. Re1 Be7 9. Nbd2 h6 10. Nf1 Bg5 11.
Bxg5 hxg5 12. h3 f6 13. dxe5 fxe5 14. Qd2 Nf4 15. N1h2 Qf6 16. Kf1 O-O-O 17. b4 Rxh3 18. gxh3 Bxh3+ 19. Kg1 g4 20. Qe3 gxf3 21. Qxf3 Ne7 22.
Bd1 Rh8 23. Be2 Kb8 24. Bf1 Neg6 25. Bxh3 Nxh3+ 26. Kf1 Ngf4 27. Re3 g5 28. Ke1 Rh4 29. Kd2 Qe6 30. Qg3 Qc4 31. Ree1 b6 32. Nf3 Rh8 33.
Nxg5 Rg8 34. Qh4 Rxg5 35. Rh1 Qd3+ 36. Kc1 Qxc3+ 37. Kb1 Nd3 0-1

[Event "*** Titled Tuesday Blitz"]
[Site "Chess.com"]
[Date "2019.01.01"]
[Round "9"]
[White "Blagorod"]
[Black "ElenaPershina"]
[Result "1-0"]
[WhiteElo "2099"]
[BlackElo "1914"]
[TimeControl "180+2"]
[EndTime "15:08:52 PST"]
[Termination "Blagorod won by resignation"]

1. e4 e5 2. Nf3 Nc6 3. Bb5 d6 4. d4 exd4 5. Nxd4 Bd7 6. Nxc6 Bxc6 7. Bxc6+ bxc6 8. O-O Be7 9. Nc3 Bf6 10. Qf3 Ne7 11.
Bf4 Ng6 12. Bg3 O-O 13. Qe3 Rb8 14. Rab1 Re8 15. f4 a6 16. Qd3 c5 17. Rfe1 Bd4+ 18.
Kh1 Qc8 19. Nd1 Qg4 20. c3 Bf6 21. Ne3 Nxf4 22. Qf1 Qh5 23. Qxf4 Be5 24. Qf3 Qg5 25. Bxe5 Rxe5 26. Ng4 Re6 27. Nf2 Qd2 28. Re2 Qg5 29. Rf1 Rf8 30. Nh3 Qe7 31. Rfe1 Rf6 32. Qg3 Rg6 33. Qf4 Qe6 34. e5 dxe5 35. Rxe5 Qxa2 36. Re8 Qxb2 37. Rxf8+ Kxf8 38. Qf3 Qd2 39. Qa8+ 1-0

[Event "*** Titled Tuesday Blitz"]
[Site "Chess.com"]
[Date "2019.01.01"]
[Round "9"]
[White "Fivetrick"]
[Black "HouseOfDurin"]
[Result "1-0"]
[WhiteElo "2615"]
[BlackElo "1865"]
[TimeControl "180+2"]
[EndTime "15:08:55 PST"]
[Termination "Fivetrick won by resignation"]

1. e4 c5 2. Nf3 Nc6 3. d4 cxd4 4. Nxd4 e5 5. Nb5 d6 6. N1c3 a6 7. Na3 b5 8. Nd5 Be6 9. c4 b4 10. Nc2 a5 11. g3 f5 12. exf5 Bxf5 13. Bg2 Rc8 14.
Nce3 Be6 15. O-O Be7 16. f4 Nf6 17. Nxf6+ Bxf6 18. Nd5 O-O 19. f5 Bf7 20. Be3 Nd4 21. b3 Re8 22. Qd2 Bxd5 23. Bxd5+ Kh8 24. g4 Rc7 25. g5 Be7 26. Kh1 Rf8 27. Bxd4 exd4 28.
g6 h6 29. Rae1 Bf6 30. Re6 Re7 31. Rfe1 Rfe8 32. Kg2 Rxe6 33. Bxe6 Re7 34. Qf4 Be5 35. Qd2 Qf8 36. Qd3 Qf6 37. Qe4 Qg5+ 38. Kh1 Qd2 39.
Qa8+ 1-0

[Event "*** Titled Tuesday Blitz"]
[Site "Chess.com"]
[Date "2019.01.01"]
[Round "9"]
[White "MateSchmate"]
[Black "dolynachess"]
[Result "1-0"]
[WhiteElo "2476"]
[BlackElo "2372"]
[TimeControl "180+2"]
[EndTime "15:08:56 PST"]
[Termination "MateSchmate won by resignation"]

1. e4 d5 2. exd5 Qxd5 3. Nc3 Qd8 4. g3 e5 5. Bg2 Nf6 6. Nge2 Bc5 7. O-O O-O 8. d3 h6 9. Be3 Bb6 10. a4 Nc6 11. h3 Re8 12. Bxb6 axb6 13. Kh2 Be6 14. f4 exf4 15. Nxf4 Qd6 16. Nxe6 Rxe6 17. Qf3 Rae8 18.
Qf2 Qd4 19. Bxc6 Qxf2+ 20. Rxf2 Rxc6 21. g4 Re5 22. Rd1 Re3 23. Rdd2 Rce6 24. Rde2 Kf8 25. Rxe3 Rxe3 26. Re2 Rxe2+ 27. Nxe2 Ke7 28. Kg3 Nd5 29. Nd4 g6 30. c3 c6 31. Kf3 Kd6 32. Ke4 Nf6+ 33. Kf3 Ke5 34. Ne2 Nd5 35. d4+ Kd6 36. Ke4 Nf6+ 37. Kd3 Nd5 38. c4 Ne7 39. b4 f5 40. c5+ bxc5 41. dxc5+ Ke5 42. gxf5 Nxf5 43. Nc3 Ne7 44. b5 Nd5 45. bxc6 Nb4+ 46. Kc4 Nxc6 47.
Kb5 g5 48. Kb6 Kd4 49. Nb5+ Kc4 50. Nd6+ Kb4 51. Nxb7 Ne5 52. a5 Nc4+ 53. Kc6 h5 54. a6 g4 55. hxg4 hxg4 56. a7 g3 57. a8=Q g2 58. Qg8 Ne3 59. Qg3 Kc4 60.
Qxe3 1-0

[Event "*** Titled Tuesday Blitz"]
[Site "Chess.com"]
[Date "2019.01.01"]
[Round "9"]
[White "tomozupan"]
[Black "Nathan_Filgueiras"]
[Result "1-0"]
[WhiteElo "2195"]
[BlackElo "2330"]
[TimeControl "180+2"]
[EndTime "15:08:58 PST"]
[Termination "tomozupan won by checkmate"]

1. d4 Nf6 2. Bg5 e6 3. e4 h6 4. Bxf6 Qxf6 5. Nf3 Qd8 6. Nc3 d5 7. Bd3 c5 8. exd5 exd5 9. dxc5 Bxc5 10. Nxd5 Be6 11.
c4 Bxd5 12. cxd5 Bb4+ 13. Kf1 O-O 14. g3 Nd7 15. Kg2 Nb6 16. Qb3 Qxd5 17. Qxd5 Nxd5 18.
Be4 Nf6 19. Bxb7 Rab8 20. Ba6 Bc5 21. b3 Ne4 22. Rhf1 Rfd8 23. Bc4 Nd2 24. Rfd1 Nxf3 25. Kxf3 Kf8 26. a4 Bb4 27. Rd5 Rxd5 28. Bxd5 Rd8 29. Rd1 a5 30. h4 Ke7 31. Rd3 Kf6 32. g4 Ke5 33. Re3+ Kf6 34. Bc4 Rd2 35. Re8 Bc5 36. Be2 Rb2 37. Rb8 Bb4 38. Rb6+ Ke7 39. Rb7+ Kf6 40.
Bc4 Bc5 41. Rxf7+ Kg6 42. Kg3 Rc2 43. h5+ Kg5 44. Rf5# 1-0

[Event "*** Titled Tuesday Blitz"]
[Site "Chess.com"]
[Date "2019.01.01"]
[Round "9"]
[White "GeorgMeier"]
[Black "champ2005"]
[Result "1-0"]
[WhiteElo "2825"]
[BlackElo "2653"]
[TimeControl "180+2"]
[EndTime "15:09:01 PST"]
[Termination "GeorgMeier won by resignation"]

1. Nf3 d5 2. g3 Nf6 3. Bg2 c6 4. O-O Bg4 5. h3 Bxf3 6. Bxf3 Nbd7 7. d3 e5 8. e4 dxe4 9. dxe4 Nc5 10. Qe2 Ne6 11.
c3 Be7 12. Nd2 O-O 13. Nb3 Qc7 14. Be3 Nd7 15. Bg4 Ndc5 16. Rfd1 Rad8 17. h4 b5 18. Bxe6 Nxe6 19. a4 Rxd1+ 20. Qxd1 b4 21. Qe2 bxc3 22. bxc3 Rb8 23. Qc4 h5 24. Rd1 g6 25. a5 Qb7 26. Nd2 a6 27. Bb6 Bd8 28. Rb1 Qc8 29.
Nf3 Bf6 30. Rd1 Qb7 31. Rd6 Rc8 32. Qd3 c5 33. Qd5 Qe7 34. Nxe5 Nc7 35. Bxc7 Bxe5 36. Rd7 Qxd7 37. Qxd7 Rxc7 38. Qe8+ 1-0